AoeStats
← chewie1706

Nomad

506690289Analyzed
4v4 RM · 17d ago on Sep 14, 2026· 54m 15s· 8 players
Game mode
Random Map
Map size
231×231
Population
200
Speed
Normal
Resources
Standard
Victory
Conquest
Starting age
Dark Age
Ending age
Imperial Age
RankedLock teamsTeams togetherTeam positionsShared explorationLock speedFull tech treeHidden civsTurbo modeCheats
Victory
Defeat
🇬🇧 Koreans · United Kingdom
1360
+16
🇵🇱 Malay · Poland
1327
+17
🇩🇪 Wei · Germany
1326
+17
🇲🇩 Persians · Moldova
1270
+19
🇫🇷 Spanish · France
1587
-26
🇫🇷 Bengalis · France
1441
-21
🇫🇷 Mongols · France
1235
-13
🇫🇷 Berbers · France
1137
-9
GamerDad
6:01 Loom
15:14 Feudal Age
16:37 Double-Bit Axe
19:19 Wheelbarrow
21:48 Castle Age
20:14 Town Watch
23:20 Thumb Ring
24:49 Fletching
27:06 Bodkin Arrow
27:32 Padded Archer Armor
30:05 Elite Skirmisher
31:03 Leather Archer Armor
SaulTrain
4:57 Loom
14:12 Feudal Age
18:32 Castle Age
17:02 Double-Bit Axe
17:44 Horse Collar
18:04 Stone Mining
21:06 Gold Mining
23:02 Fletching
24:22 Bodkin Arrow
27:05 Horse Collar
28:09 Bow Saw
29:40 Scale Mail Armor
30:02 Town Watch
32:48 Squires
35:54 Gold Shaft Mining
35:57 Wheelbarrow
37:17 Ballistics
38:37 Heavy Plow
41:26 Hand Cart
44:19 Imperial Age
43:50 Forging
44:27 Squires
43:48 Pikeman
45:05 Capped Ram
45:21 Elite War Wagon
48:29 Stone Shaft Mining
48:18 Halberdier
49:50 Chain Mail Armor
51:47 Conscription
54:21 Chemistry
53:22 Bracer
53:53 Plate Mail Armor
55:27 Iron Casting
solo rankeding
12:53 Feudal Age
13:23 Double-Bit Axe
13:20 Fishing Lines
13:26 Fishing Lines
19:10 Castle Age
17:37 Scale Barding Armor
17:44 Forging
18:02 Horse Collar
18:24 Gold Mining
19:52 Bloodlines
20:04 Chain Barding Armor
20:22 Husbandry
20:46 Bow Saw
25:29 Loom
27:37 Wheelbarrow
27:05 Heavy Plow
32:53 Iron Casting
35:23 Fletching
36:45 Town Watch
37:19 Hand Cart
41:07 Imperial Age
40:51 Cavalier
42:13 Plate Barding Armor
42:44 Blast Furnace
43:01 Savar
48:23 Conscription
48:22 Citadels
49:45 Gold Shaft Mining
54:27 Crop Rotation
54:11 Bodkin Arrow
kozakeloth
4:39 Loom
14:33 Feudal Age
14:16 Fishing Lines
14:55 Double-Bit Axe
21:40 Castle Age
24:51 Gillnets
29:06 Gold Mining
40:55 Forging
52:53 Stone Mining
54:41 Stone Shaft Mining
Eras Mousse
4:34 Loom
13:49 Feudal Age
15:15 Town Watch
18:32 Castle Age
17:10 Fishing Lines
18:07 Double-Bit Axe
18:03 Horse Collar
22:14 Fletching
23:23 Bodkin Arrow
25:00 Padded Archer Armor
26:40 Medium Warships
28:10 Forging
30:43 Wheelbarrow
30:19 Bow Saw
35:41 Leather Archer Armor
40:03 Ballistics
40:43 Iron Casting
48:13 Imperial Age
46:22 Gold Mining
46:23 Stone Mining
50:00 Blast Furnace
48:35 Elite Ratha (Ranged)
50:19 Blast Furnace
50:35 Ring Archer Armor
chewie1706
5:44 Loom
13:28 Feudal Age
17:08 Castle Age
16:19 Town Watch
18:46 Double-Bit Axe
23:13 Padded Archer Armor
24:36 Fletching
26:29 Bow Saw
34:18 Bloodlines
36:05 Husbandry
37:32 Gold Mining
37:35 Stone Mining
42:30 Leather Archer Armor
43:54 Wheelbarrow
AGS.ZefloneXx44
8:46 Loom
15:09 Feudal Age
19:34 Castle Age
18:26 Stone Mining
19:08 Fletching
19:19 Padded Archer Armor
21:08 Bodkin Arrow
21:41 Double-Bit Axe
23:44 Gold Mining
28:37 Horse Collar
29:15 Leather Archer Armor
30:12 Heavy Plow
32:02 Bow Saw
34:53 Ballistics
43:03 Kasbah
45:40 Thumb Ring
51:34 Imperial Age
52:50 Elite Genitour
54:42 Chemistry
AGS.Pymp K-T
6:16 Loom
14:23 Feudal Age
18:23 Castle Age
20:55 Double-Bit Axe
20:51 Horse Collar
24:07 Town Watch
24:39 Heavy Plow
27:12 Fletching
32:28 Imperial Age
32:34 Imperial Age
32:07 Bodkin Arrow
36:07 Bow Saw
51:35 Masonry
Connection lost

Rejoining the realm…

Still unreachable

The connection could not be restored.

Session expired

The server has moved on; the page needs a fresh start.